 Dungeon Crawl Stone Soup version 0.28-a0-1235-g7c8fac35f0 (webtiles) character file.

Game seed: 8678717968642364532

48 r3xj the Skirmisher (level 3, -1/34 HPs)
             Began as a Minotaur Fighter on Dec 25, 2021.
             Slain by an orc wizard (2 damage)
             ... on level 3 of the Dungeon.
             The game lasted 00:02:25 (2070 turns).

r3xj the Skirmisher (Minotaur Fighter)              Turns: 2070, Time: 00:02:25

Health: -1/34      AC:  8    Str: 22    XL:     3   Next: 50%
Magic:  2/2        EV:  9    Int:  5    God:
Gold:   69         SH:  4    Dex:  9    Spells: 2/2 levels left

rFire   . . .      SeeInvis .   a - +0 flail
rCold   . . .      Faith    .   c - +0 buckler
rNeg    + . .      Spirit   .   b - +0 scale mail
rPois   .          Reflect  .   (helmet restricted)
rElec   .          Harm     .   o - +0 cloak
rCorr   .          Rampage  .   (no gloves)
Will    +....                   (no boots)
Stlth   ..........              (no amulet)
HPRegen 0.11/turn               h - ring of willpower
MPRegen 0.08/turn               i - ring of positive energy

@: no status effects
A: horns 2, retaliatory headbutt
a: no special abilities


You were on level 3 of the Dungeon.
You visited 1 branch of the dungeon, and saw 3 of its levels.

You collected 69 gold pieces.

Inventory:

Hand Weapons
 a - a +0 flail (weapon)
Armour
 b - a +0 scale mail (worn)
 c - a +0 buckler (worn)
 o - a +0 cloak (worn)
Jewellery
 h - a ring of willpower (left hand)
 i - a ring of positive energy (right hand)
Scrolls
 g - a scroll of brand weapon {unknown}
 k - a scroll of vulnerability {unknown}
 l - 2 scrolls of identify {unknown}
 m - a scroll of enchant weapon {unknown}
 n - a scroll of enchant armour {unknown}
 p - a scroll of holy word {unknown}
Potions
 d - a potion of might
 e - a potion of brilliance {unknown}
 f - 2 potions of flight {unknown}
 j - 2 potions of degeneration {unknown}


   Skills:
 + Level 4.4 Fighting
 + Level 3.3 Maces & Flails
 - Level 4.0 Armour
 - Level 4.0 Shields


You had 2 spell levels left.
You didn't know any spells.
Your spell library was empty.

Dungeon Overview and Level Annotations

Branches:
Dungeon (3/15)

Altars:

Annotations:
D:2 1 runed translucent door, Crazy Yiuf


Innate Abilities, Weirdness & Mutations

You have a pair of horns on your head.
You reflexively headbutt those who attack you in melee.


Message History

The orc wizard hits you but does no damage.
The orc barely misses you. The orc hits you with a +0 whip.
The orc wizard gestures at you while chanting.
The puff of flame hits you.
You thump the orc wizard!
The orc wizard is severely wounded.
The orc wizard hits you but does no damage.
The orc barely misses you. The orc hits you with a +0 whip.
The orc wizard hits you with a +0 dagger.
The orc wizard barely misses you.
You hit the orc wizard.
The orc wizard is almost dead.
The orc closely misses you. You furiously retaliate!
You headbutt the orc. The orc hits you with a +0 whip.
The orc wizard casts a spell at you.
The magic dart hits you but does no damage.
The orc wizard misses you. The orc hits you with a +0 club.
You closely miss the orc wizard.
The orc wizard is almost dead.
The orc hits you but does no damage. The orc wizard barely misses you.
The orc wizard hits you but does no damage.
The orc hits you with a +0 club.
* * * LOW HITPOINT WARNING * * *
You hit the orc wizard but do no damage.
The orc wizard is almost dead.
The orc hits you but does no damage. You block the orc wizard's attack. x2
The orc hits you but does no damage. x2
You closely miss the orc wizard.
The orc wizard is almost dead.
The orc wizard casts a spell.
The orc wizard flickers and vanishes!
Deactivating autopickup; reactivate with Ctrl-A.
You block the orc wizard's attack. The orc closely misses you. x2
You hear some strange, mumbled words.
A magic dart appears from out of thin air!
The magic dart hits you!
* * * LOW HITPOINT WARNING * * *
You closely miss something.
The orc wizard hits you with a +0 dagger.
You die...

....[...$.......#
................##
......#...........
......>.........).
.##..##.........#
.##.#..........##
.........<.......
........{oo......
.....##.....o@......#
................#..##
......#.....).....##
...............##.##
......##.......##...
.... #..............#
##..##........####....
......................
>.....#.##.########


You could see an orc wizard and 2 orcs.

Vanquished Creatures
  An adder (D:2)
  2 dart slugs (D:2)
  An orc (D:3)
  4 ball pythons
  3 endoplasms
  3 giant cockroaches
  5 goblins (D:2)
  A hobgoblin (D:1)
  2 quokkas
  4 frilled lizards (D:2)
  2 kobolds
  4 rats
32 creatures vanquished.

Notes
Turn   | Place    | Note
-------+----------+-------------------------------------------
     0 | D:1      | r3xj the Minotaur Fighter began the quest for the Orb.
     0 | D:1      | Reached XP level 1. HP: 19/19 MP: 0/0
   141 | D:1      | Found a faded altar of an unknown god.
   792 | D:1      | Reached XP level 2. HP: 27/27 MP: 1/1
  1203 | D:2      | Reached XP level 3. HP: 27/33 MP: 2/2
  1680 | D:2      | Found a runed translucent door.
  1681 | D:2      | Noticed Crazy Yiuf
  2069 | D:3      | HP: 1/34 [something/magic dart (8)]
  2070 | D:3      | Slain by an orc wizard

Illustrated notes

Levels and vault maps discovered:
D:1:      elethiomel_arrival_infinity_welcomes_careful_drivers, layout_basic,
          hellmonk_ecumenical_altar_zigzags
D:2:      layout_rooms, grunt_ministairs_8, uniq_crazy_yiuf_cottage
D:3:      layout_rooms, uniq_sigmund

Skill      XL: |  1  2 |
---------------+-------+-----
Fighting       | 4 |  4.4
Maces & Flails | 3 |  3.3
Armour         | 4 |  4.0
Shields        | 4 |  4.0

Action                   || total
-------------------------++-------
Melee: Flail             ||    81
       Headbutt          ||    15
Armor: Scale mail        ||    50
Dodge: Dodged            ||    37
Block: Buckler           ||    21

Table legend: (Time is in decaauts)
 A = Elapsed time spent in this place.
 B = Non-inter-level travel time spent in this place.
 C = Inter-level travel time spent in this place.
 D = Time resting spent in this place.
 E = Time spent auto-exploring this place.
 F = Levels seen in this place.
 G = Mean time per level.
                   A        B        C        D        E       F      G
               +--------+--------+--------+--------+--------+-----+--------+
         Total |   2090 |   1970 |    120 |    142 |   1570 |   3 |  696.7 |
       Dungeon |   2090 |   1970 |    120 |    142 |   1570 |   3 |  696.7 |
               +--------+--------+--------+--------+--------+-----+--------+

Top non-repeatable levels by time:
     D:1: 1062 daAuts
     D:2: 917 daAuts
     D:3: 111 daAuts
